ATTACKMAN, chaotic male orcish Wizard --------- |.......| |.......| ----- #...<....-########################|...| ###--.----.- ------------- #..^.| # # # |`..... ...`| |...| ### # ### #|.... ...| ----- # ### # #|...- -...| ### # ### #|...| |@..| ------ # ### # #%..*| |aa.| |.....### # ## ##|...| |..%| |.>..|# # -|---|------ #|...-----...| |....|# #%# |).......... #|.....`...f.. |.....# # |.........)| #|`.........`| |....| ##-..........-######------------- ------ |...%......| ------------ ATTACKMAN the Conjurer Experience level: 5 Strength: 14 Dexterity: 13 Constitution: 11 Intelligence: 16 Wisdom: 9 Charisma: 15 Health: 0(37) Energy: 21(48) Def: 5 Gold: 503 Moves: 3056 Dungeon seed: G6W8i6r-7BL96mpr Game ID: ATTACKMAN_1580316552 Your Inventory: Coins $ - 503 gold pieces Weapons a - a blessed +1 quarterstaff (weapon in hands) Armor e - an uncursed +1 cloak of magic resistance (being worn) q - an uncursed +0 studded leather armor (being worn) Comestibles m - an uncursed food ration Scrolls S - an uncursed scroll of magic mapping Spellbooks k - a blessed spellbook of force bolt l - an uncursed spellbook of light w - an uncursed spellbook of light Potions f - 2 uncursed potions of blindness g - an uncursed potion of gain energy P - an uncursed potion of healing Q - an uncursed potion of object detection Rings d - an uncursed ring of protection from shape changers y - an uncursed ring of regeneration (on left hand) Wands b - a wand of secret door detection (0:14) Tools C - an uncursed mirror K - an uncursed tin whistle R - an uncursed mirror T - an uncursed oil lamp (0:1091) Spells and supernatural/magical abilities: Name Level Category Fail Memory a - force bolt 1 attack 0% 85% l - light 1 divination 0% 85% W - pray for help -- divine ? -- Your skills at the end: Fighting Skills Weapon Skills quarterstaff [Basic] Spellcasting Skills attack spells [Basic] enchantment spells [Basic] Final Attributes: You were piously aligned. You were poison resistant. You were magic-protected. You had infravision. You regenerated. You are dead. Vanquished creatures: a mountain nymph a golden naga hatchling a gray ooze a giant ant a homunculus a kobold shaman 4 rothes an orc zombie a dwarf zombie a wererat a werejackal a hobbit a large kobold 3 giant rats 2 cave spiders 3 yellow molds a green mold a red mold a gnome zombie 2 geckos 9 jackals a kobold a goblin 2 sewer rats 6 grid bugs 2 bats 5 lichens a kobold zombie 6 newts 62 creatures vanquished. Voluntary challenges: You had been an atheist until turn 2612. You used a wielded weapon 49 times, starting on turn 53. You read items or engraved 4 times, starting on turn 344. You never genocided any monsters. You never polymorphed an object. You never changed form. You used no wishes. You never split a pudding. You never wrote Elbereth's name. You violated your moral code, losing 26 points of alignment, starting on turn 2219. Dungeon overview: The Dungeons of Doom: levels 1 to 6 Level 1 a long staircase Level 2 some fountains a long staircase Level 3 a fountain Level 4 Level 5 a jewelry store Level 6 <- You were here History has recorded: On T:1 you entered the Dungeons of Doom to retrieve the Amulet of Yendor! On T:184 you advanced to experience level 2. On T:624 you reached level 2 of The Dungeons of Doom. On T:894 you advanced to experience level 3. On T:1089 you reached level 3 of The Dungeons of Doom. On T:1688 you reached level 4 of The Dungeons of Doom. On T:1698 you reached level 5 of The Dungeons of Doom. On T:1948 you advanced to experience level 4. On T:2590 you advanced to experience level 5. On T:2608 you reached level 6 of The Dungeons of Doom. Score breakdown: Gold: 503 ( 9192 points) Experience: 5 levels (11141 points) Exploration: 6 levels ( 11.54%) ( 9393 points) Discoveries: 3 items ( 1.08%) ( 3122 points) Valuables value: (no points given unless you survive) Artifact value: 0 ( 0 points) Variety of kills: 29 monsters ( 7.61%) ( 8276 points) Turncount: 3056 turns ( -627 points) Survival: died (score multiplied by 80%) Total score: 32397 Latest messages: The kitten misses the giant ant. The giant ant bites! The kitten bites the giant ant. You see here a statue of a plains centaur. The giant ant misses the kitten. The kitten misses the giant ant. The giant ant bites! The kitten misses the giant ant. You are now wearing a ring of regeneration. The giant ant bites! (2x) The kitten misses the giant ant. The giant ant misses. The giant ant bites! The kitten misses the giant ant. The giant ant bites! You see here a statue of a plains centaur. The kitten misses the giant ant. The giant ant bites! (2x) The spell hits the giant ant! (2x) You kill the giant ant! The giant ant bites! (2x) You die... Final status: Goodbye ATTACKMAN the Wizard, killed by a giant ant... You died in The Dungeons of Doom on dungeon level 6 with 32397 points, and 503 pieces of gold, after 3056 moves. You were level 5 with a maximum of 37 hit points when you died.